 Dungeon Crawl Stone Soup version 0.31-a0-246-g8cbcc1cb85 (webtiles) character file.

Game seed: 18036656208324530508

21366 qw the Marksminotaur (level 12, -1/110 HPs)
             Began as a Minotaur Hexslinger on July 12, 2023.
             Was an Elder of Okawaru.
             Succumbed to a black mamba's poison
             ... on level 3 of the Lair of Beasts.
             The game lasted 00:04:35 (13576 turns).

qw the Marksminotaur (Minotaur Hexslinger)         Turns: 13576, Time: 00:04:35

Health: -1/110     AC: 13    Str: 14    XL:     12   Next: 53%
Magic:  17/18      EV: 17    Int: 10    God:    Okawaru [****..]
Gold:   958        SH:  0    Dex: 17    Spells: 12/13 levels left

rFire   . . .        c - +2 longbow (heavy)
rCold   . . .        (shield currently unavailable)
rNeg    . . .        b - +1 ring mail {rPois}
rPois   +            (helmet restricted)
rElec   .            (no cloak)
rCorr   +            j - +0 pair of gloves
SInv    .            o - +2 pair of boots {rampage}
Will    .....        e - amulet of faith
Stlth   ++           d - ring of resist corrosion
HPRegen 0.38/turn    (no ring)
MPRegen 0.16/turn

%: rampage, faith
@: lethally poisoned (-1 -> -12), heroic
A: horns 2, retaliatory headbutt
a: Renounce Religion, Heroism, Finesse


You were on level 3 of the Lair of Beasts.
You worshipped Okawaru.
Okawaru was greatly pleased with you.
You visited 3 branches of the dungeon, and saw 14 of its levels.

You collected 958 gold pieces.


Innate Abilities, Weirdness & Mutations

You have a pair of horns on your head.
You reflexively headbutt those who attack you in melee.


   Skills:
 - Level 11.0(16.0) Fighting
 + Level 16.1(21.1) Ranged Weapons
 - Level 5.0(10.0) Armour
 - Level 7.0(12.0) Dodging
 - Level 1.0 Spellcasting
 - Level 2.0 Hexes
 + Level 9.5 Invocations


You had 12 spell levels left.
You knew the following spells:

 Your Spells              Type           Power      Damage    Failure   Level
a - Slow                  Hex            16%        N/A       26%         1

Your spell library contained the following spells:

 Spells                   Type           Power      Damage    Failure   Level
 Inner Flame              Hex/Fire       2%         N/A       75%         3
 Portal Projectile        Hex/Tloc       4%         N/A       75%         3
 Cause Fear               Hex            2%         N/A       95%         4

Inventory:

Hand Weapons
 c - a +2 heavy longbow (weapon)
Armour
 b - a +1 ring mail of poison resistance (worn)
 j - a +0 pair of gloves (worn)
 k - a +1 ring mail of fire resistance
 l - a +3 leather armour
 o - a +2 pair of boots of rampaging (worn)
Jewellery
 d - a ring of resist corrosion (left hand)
 e - an amulet of faith (around neck)
 m - a ring of resist corrosion
Scrolls
 a - 10 scrolls of identify
Potions
 f - 3 potions of might
 g - a potion of curing
 i - a potion of mutation
 n - a potion of enlightenment

Dungeon Overview and Level Annotations

Branches:
Dungeon (10/15)            Temple (1/1) D:7            Lair (3/5) D:10
  Swamp (0/4) Lair:2
  Snake: Lair:2-3    Spider: Lair:2-3       Orc: D:9-12

Altars:
Ashenzari
Cheibriados
Dithmenos
Elyvilon
Fedhas
Gozag
Hepliaklqana
Kikubaaqudgha
Makhleb
Nemelex Xobeh
Okawaru
Qazlal
Ru
Sif Muna
Trog
Uskayaw
Vehumet
Wu Jian
Xom
Yredelemnul
Zin
The Shining One

Shops:
D:4 :

Annotations:
D:10 2 transporters


Message History

The yak is heavily wounded.
You feel extremely sick. The black mamba bites you! The yak gores you!
Something gores the plant!
The black mamba bites you!
You are lethally poisoned!
The black mamba poisons you! The yak gores you.
The black mamba barely misses you.
13571 ||| INVOKING Heroism.
You gain the combat prowess of a mighty hero.
You feel extremely sick. The black mamba bites you.
The yak gores you but does no damage.
You shoot an arrow. The arrow barely misses the yak.
You feel extremely sick. The black mamba closely misses you.
The black mamba misses you. The yak barely misses you.
13573 ||| READING scroll of teleportation.
As you read the scroll of teleportation, it crumbles to dust.
You feel strangely unstable.
You feel very sick.
A nearby plant withers and dies.
The black mamba bites you. The black mamba barely misses you.
You furiously retaliate!
You headbutt the black mamba, but do no damage.
You shoot an arrow. The arrow closely misses the yak.
You feel very sick. The black mamba bites you.
The black mamba bites you but does no damage.
The yak closely misses you. You furiously retaliate!
You headbutt the yak. The yak misses you.
You shoot an arrow. The arrow barely misses the yak.
Your surroundings suddenly seem different. 4 yaks come into view.
Found a falchion and a potion of heal wounds.
Found an escape hatch in the ceiling.
Found a stone staircase leading down.
You feel very sick.
The yak bellows! x3; You hear a loud, deep croak!
A cane toad comes into view.
The yak bellows!
You hear an angry hiss.
You shoot an arrow. The arrow hits the yak!!
The yak is almost dead.
You die...

..... .##.. ...
.... .....
##..##P.. #.#..
#....... ...#
.>....# ...#. .
.....# . .....
... #....##.P.
.....
.....#......#..
...#.
.......@.YY..Y.
..#..
)........#.....
.....
!........Y. ...
.....
............. .
....:
..#........#...
.....
....<....... ..
...#
##.......#F.. .
...#
#.......#....
...


You could see 4 yaks and a cane toad.

Vanquished Creatures
  3 hydras (Lair:2)
  2 black mambas (Lair:2)
  10 cane toads
  A torpor snail (Lair:1)
  An unseen horror (D:10)
  6 komodo dragons
  2 rime drakes
  A kobold demonologist (D:8)
  A polar bear (Lair:1)
  A troll (D:10)
  4 blink frogs (Lair:1)
  Prince Ribbit (D:7)
  Sigmund (D:6)
  2 wyverns
  2 wraiths
  A vampire (D:8)
  A steam dragon (D:10)
  15 yaks
  A basilisk (Lair:2)
  Menkaure (D:7)
  5 swamp worms (Lair:2)
  Edmund (D:6)
  16 water moccasins
  3 orc warriors
  Duvessa (D:6)
  2 ice beasts
  A black bear (D:5)
  2 sky beasts
  An ogre (D:6)
  5 wolves (D:10)
  5 centaurs
  2 phantoms
  14 kobold brigands (D:8)
  13 bullfrogs
  A gnoll sergeant (D:8)
  3 scorpions
  5 wights (D:8)
  Dowan (D:6)
  10 killer bees
  An electric eel (Lair:1)
  3 howler monkeys
  6 hounds
  4 jellies
  A gnoll bouda (D:7)
  5 orc priests
  An iron imp (D:5)
  A sleepcap (D:7)
  5 iguanas
  Ijyb (D:5)
  15 orc wizards
  10 gnolls
  10 adders
  A shadow imp (D:8)
  2 worms
  49 orcs
  10 ball pythons
  9 endoplasms
  3 giant cockroaches
  5 hobgoblins
  3 jackals (D:2)
  12 kobolds
  4 quokkas
  4 bats
  4 frilled lizards
  5 goblins
  A goblin skeleton (D:5)
  A goblin zombie (D:5)
  2 kobold skeletons (D:5)
  2 orc skeletons (D:5)
  An orc zombie (D:5)
  6 rats
335 creatures vanquished.

Vanquished Creatures (others)
  A human (D:8)
1 creature vanquished.

Grand Total: 336 creatures vanquished

Notes
Turn   | Place    | Note
-------+----------+-------------------------------------------
     0 | D:1      | qw the Minotaur Hexslinger began the quest for the Orb.
     0 | D:1      | Reached XP level 1. HP: 16/16 MP: 1/1
     0 | D:1      | 0 ||| qw: Version: 0.3-a-52-g30416fa
     0 | D:1      | 0 ||| qw: Game counter: 6467
     0 | D:1      | 0 ||| qw: Melee chars always use a shield: true
     0 | D:1      | 0 ||| qw: God list: Okawaru
     0 | D:1      | 0 ||| qw: Allow faded altars: false
     0 | D:1      | 0 ||| qw: Do Orc after clearing Dungeon:15 true
     0 | D:1      | 0 ||| qw: Do second Lair branch before Depths: true
     0 | D:1      | 0 ||| qw: Lair rune preference: random
     0 | D:1      | 0 ||| qw: Goals: Normal
     0 | D:1      | 0 ||| PLANNING D:1-11
    60 | D:1      | Reached skill level 3 in Ranged Weapons
    60 | D:1      | Reached XP level 2. HP: 10/23 MP: 2/2
    66 | D:1      | 66 ||| FLEEEEING.
    67 | D:1      | 67 ||| FLEEEEING.
   293 | D:1      | Found a faded altar of an unknown god.
   516 | D:1      | Reached XP level 3. HP: 29/29 MP: 3/3
   560 | D:1      | 560 ||| UPGRADING to +0 leather armour.
   570 | D:1      | 570 ||| DROPPING +0 robe.
   571 | D:1      | 571 ||| UPGRADING to +0 ring mail.
   581 | D:1      | 581 ||| DROPPING +0 leather armour.
   582 | D:1      | 582 ||| UPGRADING to amulet of faith.
   587 | D:1      | 587 ||| DROPPING ring of flight.
   588 | D:1      | 588 ||| READING 2 scrolls labelled KATRAM ICOSSO.
   589 | D:1      | 589 ||| READING scroll labelled JUCAM BENAOSAI.
   594 | D:1      | 594 ||| DROPPING scroll of poison.
   834 | D:2      | Reached skill level 4 in Ranged Weapons
   875 | D:2      | Reached skill level 1 in Armour
  1328 | D:2      | 1328 ||| UPGRADING to ring of resist corrosion.
  1329 | D:2      | 1329 ||| READING scroll labelled WUD ITWYSHYSTRE.
  1330 | D:2      | 1330 ||| READING scroll labelled FOUNEM ICVA.
  1331 | D:2      | 1331 ||| READING scroll labelled HYXAXO KEUSSEXKY.
  1332 | D:2      | 1332 ||| READING scroll labelled EMEMES TUAPOIR.
  1333 | D:2      | 1333 ||| READING 4 scrolls of identify.
  1333 | D:2      | 1333 ||| IDENTIFYING cyan potion
  1334 | D:2      | 1334 ||| READING 3 scrolls of identify.
  1334 | D:2      | 1334 ||| IDENTIFYING fizzy sapphire potion
  1335 | D:2      | 1335 ||| DROPPING potion of brilliance.
  1415 | D:3      | Reached XP level 4. HP: 30/36 MP: 4/4
  2041 | D:3      | 2041 ||| UPGRADING to +1 ring mail of poison resistance.
  2051 | D:3      | 2051 ||| DROPPING +0 ring mail.
  2052 | D:3      | 2052 ||| DROPPING ring of wizardry.
  2053 | D:3      | 2053 ||| READING scroll labelled AWOL VIEXUQY.
  2053 | D:3      | Identified a scroll of acquirement
  2053 | D:3      | 2053 ||| ACQUIRING +1 heavy longbow
  2053 | D:3      | Acquired a +1 heavy longbow
  2055 | D:3      | 2055 ||| SWAPPING to +1 heavy longbow.
  2056 | D:3      | 2056 ||| DROPPING +2 sling.
  2057 | D:3      | 2057 ||| DRINKING 2 fuming red potions.
  2109 | D:4      | Found a shimmering blue altar of Sif Muna.
  2113 | D:4      | Reached skill level 5 in Ranged Weapons
  2166 | D:4      | Reached XP level 5. HP: 41/41 MP: 5/5
  2182 | D:4      | Found an opulent altar of Gozag.
  2216 | D:4      | Reached skill level 3 in Fighting
  2559 | D:4      | Found a broken altar of Ashenzari.
  2562 | D:4      | Reached skill level 6 in Ranged Weapons
  2565 | D:4      | Found a basalt altar of Yredelemnul.
  2565 | D:4      | Found a sparkling altar of Nemelex Xobeh.
  2566 | D:4      | Found an ornate altar of the Wu Jian Council.
  2566 | D:4      | Found a stormy altar of Qazlal.
  2620 | D:4      | Found Jamoutosch's Book Shoppe.
  2752 | D:4      | Reached XP level 6. HP: 52/52 MP: 6/6
  2756 | D:4      | Found a hazy altar of Hepliaklqana.
  2953 | D:4      | 2953 ||| READING scroll labelled GIRYSHUO WYXTU.
  3054 | D:4      | 3054 ||| READING scroll labelled DOIL NEATI.
  3055 | D:4      | 3055 ||| DRINKING 2 sedimented orange potions.
  3056 | D:4      | 3056 ||| DRINKING 2 grey potions.
  3064 | D:4      | 3064 ||| DROPPING potion of invisibility.
  3065 | D:4      | 3065 ||| DROPPING potion of ambrosia.
  3122 | D:5      | Entered Level 5 of the Dungeon
  3200 | D:5      | Found a glowing golden altar of the Shining One.
  3268 | D:5      | Reached skill level 7 in Ranged Weapons
  3352 | D:5      | Reached XP level 7. HP: 60/60 MP: 7/7
  3472 | D:5      | Reached skill level 8 in Ranged Weapons
  3783 | D:5      | Noticed Ijyb
  3784 | D:5      | 3784 ||| Stepping ~*~*~tactically~*~*~ (water).
  3785 | D:5      | 3785 ||| DRINKING potion of cancellation.
  3786 | D:5      | 3786 ||| READING scroll of teleportation.
  3787 | D:5      | 3787 ||| FLEEEEING.
  3788 | D:5      | 3788 ||| FLEEEEING.
  3918 | D:5      | Reached XP level 8. HP: 70/70 MP: 8/8
  3953 | D:5      | Killed Ijyb
  3954 | D:5      | Reached skill level 9 in Ranged Weapons
  4250 | D:5      | 4250 ||| DROPPING scarf of invisibility.
  4297 | D:6      | Reached skill level 3 in Dodging
  4403 | D:6      | Reached skill level 6 in Fighting
  4451 | D:6      | 4451 ||| READING scroll of enchant weapon.
  4451 | D:6      | 4451 ||| ENCHANTING +1 heavy longbow.
  4466 | D:6      | Noticed Edmund
  4470 | D:6      | Killed Edmund
  4558 | D:6      | Noticed Duvessa
  4558 | D:6      | Noticed Dowan
  4562 | D:6      | Killed Duvessa
  4563 | D:6      | Reached skill level 10 in Ranged Weapons
  4563 | D:6      | Killed Dowan
  5117 | D:6      | Noticed Sigmund
  5123 | D:6      | Killed Sigmund
  5344 | D:6      | 5344 ||| DRINKING 2 sapphire potions.
  5345 | D:6      | 5345 ||| DRINKING 2 pink potions.
  5346 | D:6      | 5346 ||| READING 6 scrolls of identify.
  5346 | D:6      | 5346 ||| IDENTIFYING emerald potion
  5347 | D:6      | 5347 ||| DROPPING potion of lignification.
  5399 | D:7      | Reached XP level 9. HP: 79/79 MP: 9/9
  5458 | D:7      | 5458 ||| DRINKING potion of curing.
  5458 | D:7      | 5458 ||| (to cure confusion)
  5659 | D:7      | Noticed Prince Ribbit
  5665 | D:7      | Killed Prince Ribbit
  5666 | D:7      | Reached skill level 11 in Ranged Weapons
  5796 | D:7      | Noticed Menkaure
  5797 | D:7      | 5797 ||| Stepping ~*~*~tactically~*~*~ (outnumbered).
  5803 | D:7      | Killed Menkaure
  6155 | D:7      | 6155 ||| Stepping ~*~*~tactically~*~*~ (outnumbered).
  6167 | D:7      | HP: 17/79 [orc warrior/+0 heavy hand axe (10)]
  6168 | D:7      | 6168 ||| READING 2 scrolls of teleportation.
  6168 | D:7      | HP: 7/79 [orc warrior/+0 heavy hand axe (9)]
  6169 | D:7      | 6169 ||| DRINKING potion of heal wounds.
  6442 | D:7      | Reached skill level 12 in Ranged Weapons
  6450 | D:7      | Found a staircase to the Ecumenical Temple.
  6451 | D:7      | 6451 ||| PLANNING TEMPLE
  6451 | D:7      | 6451 ||| DROPPING amulet of magic regeneration.
  6452 | D:7      | 6452 ||| READING scroll labelled NOIMIF WACZOENG.
  6453 | D:7      | 6453 ||| READING scroll labelled TYSHOV UMMIRE.
  6454 | D:7      | 6454 ||| READING 2 scrolls labelled BOOMNY GACVAU.
  6455 | D:7      | 6455 ||| READING 6 scrolls of identify.
  6455 | D:7      | 6455 ||| IDENTIFYING inky potion
  6456 | D:7      | 6456 ||| DROPPING potion of attraction.
  6457 | D:7      | 6457 ||| DROPPING scroll of fog.
  6463 | Temple   | Entered the Ecumenical Temple
  6510 | Temple   | 6510 ||| PLANNING OKAWARU WORSHIP
  6672 | Temple   | Became a worshipper of Warmaster Okawaru
  6673 | Temple   | 6673 ||| PLANNING D:1-11
  6752 | D:8      | 6752 ||| STAIRDANCE
  6755 | D:7      | HP: 18/80 [gnoll/+0 club[a gnoll sergeant] (4)]
  6756 | D:7      | 6756 ||| READING scroll of teleportation.
  6760 | D:7      | HP: 11/81 [poisoned by a killer bee]
  7006 | D:8      | 7006 ||| STAIRDANCE
  7037 | D:8      | Reached skill level 3 in Armour
  7074 | D:8      | 7074 ||| Stepping ~*~*~tactically~*~*~ (outnumbered).
  7081 | D:8      | 7081 ||| DRINKING potion of curing.
  7081 | D:8      | 7081 ||| (to cure confusion)
  7086 | D:8      | Reached * piety under Okawaru
  7090 | D:8      | Reached skill level 1 in Invocations
  7207 | D:8      | Found an ancient bone altar of Kikubaaqudgha.
  7400 | D:8      | Reached XP level 10. HP: 88/88 MP: 10/10
  7430 | D:8      | 7430 ||| INVOKING Heroism.
  7619 | D:8      | Reached skill level 3 in Invocations
  7683 | D:8      | Reached ** piety under Okawaru
  7687 | D:8      | 7687 ||| STAIRDANCE
  7937 | D:8      | Reached skill level 13 in Ranged Weapons
  7972 | D:8      | 7972 ||| Stepping ~*~*~tactically~*~*~ (outnumbered).
  7988 | D:8      | 7988 ||| Stepping ~*~*~tactically~*~*~ (outnumbered).
  7991 | D:8      | 7991 ||| Stepping ~*~*~tactically~*~*~ (outnumbered).
  7999 | D:8      | Reached skill level 9 in Fighting
  8081 | D:9      | 8081 ||| STAIRDANCE
  8085 | D:8      | 8085 ||| INVOKING Heroism.
  8122 | D:8      | 8122 ||| INVOKING Heroism.
  8609 | D:9      | 8609 ||| INVOKING Heroism.
  8614 | D:9      | Reached *** piety under Okawaru
  8615 | D:9      | Reached skill level 14 in Ranged Weapons
  9144 | D:9      | 9144 ||| UPGRADING to +0 pair of gloves.
  9149 | D:9      | 9149 ||| READING 11 scrolls of identify.
  9149 | D:9      | 9149 ||| IDENTIFYING bubbling clear potion
  9171 | D:10     | Entered Level 10 of the Dungeon
  9237 | D:10     | 9237 ||| INVOKING Heroism.
  9340 | D:10     | Reached XP level 11. HP: 87/99 MP: 13/13
  9394 | D:10     | HP: 21/99 [something (9)]
  9398 | D:10     | Reached **** piety under Okawaru
  9502 | D:10     | 9502 ||| INVOKING Heroism.
  9627 | D:10     | Reached skill level 6 in Dodging
  9657 | D:10     | Noticed a stone giant
  9657 | D:10     | Noticed a centaur warrior
  9658 | D:10     | Found a transporter.
  9659 | D:10     | a golden eye changed into an entropy weaver
  9659 | D:10     | Noticed an entropy weaver (shapeshifter)
  9659 | D:10     | Noticed an ogre mage
  9659 | D:10     | Noticed an orc knight
  9706 | D:10     | 9706 ||| INVOKING Heroism.
  9738 | D:10     | Found a transporter.
  9738 | D:10     | Found the +11 plutonium sword {Contam Stlth-}
  9739 | D:10     | Found the +12 glaive of Prune {freeze, Prune}
  9855 | D:10     | Found a staircase to the Lair.
  9879 | D:10     | 9879 ||| INVOKING Heroism.
  9888 | D:10     | 9888 ||| DRINKING potion of curing.
  9888 | D:10     | 9888 ||| (to cure confusion)
 10019 | D:10     | 10019 ||| PLANNING LAIR
 10019 | D:10     | 10019 ||| DROPPING +0 acid dragon scales.
 10048 | Lair:1   | Entered Level 1 of the Lair of Beasts
 10049 | Lair:1   | 10049 ||| INVOKING Heroism.
 10158 | Lair:1   | 10158 ||| INVOKING Heroism.
 10164 | Lair:1   | Received a gift from Okawaru
 10247 | Lair:1   | 10247 ||| INVOKING Heroism.
 10327 | Lair:1   | 10327 ||| FLEEEEING.
 10328 | Lair:1   | 10328 ||| FLEEEEING.
 10329 | Lair:1   | 10329 ||| FLEEEEING.
 10330 | Lair:1   | 10330 ||| FLEEEEING.
 10333 | Lair:1   | 10333 ||| FLEEEEING.
 10334 | Lair:1   | 10334 ||| FLEEEEING.
 10339 | Lair:1   | 10339 ||| FLEEEEING.
 10340 | Lair:1   | 10340 ||| FLEEEEING.
 10341 | Lair:1   | 10341 ||| FLEEEEING.
 10342 | Lair:1   | 10342 ||| FLEEEEING.
 10343 | Lair:1   | 10343 ||| FLEEEEING.
 10344 | Lair:1   | 10344 ||| FLEEEEING.
 10345 | Lair:1   | 10345 ||| FLEEEEING.
 10346 | Lair:1   | 10346 ||| FLEEEEING.
 10347 | Lair:1   | 10347 ||| FLEEEEING.
 10348 | Lair:1   | 10348 ||| FLEEEEING.
 10349 | Lair:1   | 10349 ||| FLEEEEING.
 10350 | Lair:1   | 10350 ||| FLEEEEING.
 10351 | Lair:1   | 10351 ||| FLEEEEING.
 10352 | Lair:1   | 10352 ||| FLEEEEING.
 10354 | Lair:1   | 10354 ||| FLEEEEING.
 10355 | Lair:1   | 10355 ||| FLEEEEING.
 10356 | Lair:1   | 10356 ||| FLEEEEING.
 10357 | Lair:1   | 10357 ||| FLEEEEING.
 10358 | Lair:1   | 10358 ||| FLEEEEING.
 10359 | Lair:1   | 10359 ||| FLEEEEING.
 10360 | Lair:1   | 10360 ||| FLEEEEING.
 10361 | Lair:1   | 10361 ||| FLEEEEING.
 10362 | Lair:1   | 10362 ||| INVOKING Heroism.
 10367 | Lair:1   | Reached skill level 15 in Ranged Weapons
 10468 | Lair:1   | 10468 ||| INVOKING Heroism.
 10652 | Lair:1   | 10652 ||| INVOKING Heroism.
 10662 | Lair:1   | Reached skill level 6 in Invocations
 10986 | Lair:1   | 10986 ||| INVOKING Heroism.
 11011 | Lair:1   | Reached ***** piety under Okawaru
 11413 | Lair:2   | 11413 ||| INVOKING Heroism.
 11453 | Lair:2   | 11453 ||| INVOKING Heroism.
 11533 | Lair:2   | 11533 ||| INVOKING Heroism.
 11536 | Lair:2   | Reached skill level 16 in Ranged Weapons
 11536 | Lair:2   | Reached XP level 12. HP: 106/106 MP: 13/16
 11959 | Lair:2   | Noticed a five-headed hydra
 11960 | Lair:2   | 11960 ||| INVOKING Heroism.
 11965 | Lair:2   | Killed a five-headed hydra
 12147 | Lair:2   | Received a gift from Okawaru
 12187 | Lair:2   | 12187 ||| INVOKING Heroism.
 12189 | Lair:2   | HP: 23/108 [black mamba (9)]
 12190 | Lair:2   | 12190 ||| READING 2 scrolls of teleportation.
 12190 | Lair:2   | HP: 9/108 [black mamba (10)]
 12191 | Lair:2   | HP: 2/108 [black mamba (5)]
 12193 | Lair:2   | 12193 ||| DRINKING 2 potions of curing.
 12193 | Lair:2   | 12193 ||| (to cure poison)
 12501 | Lair:2   | Noticed a four-headed hydra
 12502 | Lair:2   | 12502 ||| INVOKING Heroism.
 12509 | Lair:2   | Killed a four-headed hydra
 12515 | Lair:2   | 12515 ||| FLEEEEING.
 12596 | Lair:2   | Noticed a five-headed hydra
 12597 | Lair:2   | 12597 ||| FLEEEEING.
 12598 | Lair:2   | 12598 ||| FLEEEEING.
 12600 | Lair:2   | 12600 ||| FLEEEEING.
 12608 | Lair:2   | 12608 ||| STAIRDANCE
 12671 | Lair:1   | 12671 ||| UPGRADING to +2 pair of boots of rampaging.
 12676 | Lair:1   | 12676 ||| READING 12 scrolls of identify.
 12676 | Lair:1   | 12676 ||| IDENTIFYING metallic blue potion
 12677 | Lair:1   | 12677 ||| READING 11 scrolls of identify.
 12677 | Lair:1   | 12677 ||| IDENTIFYING silvery potion
 12678 | Lair:1   | 12678 ||| DROPPING potion of berserk rage.
 12740 | Lair:2   | 12740 ||| INVOKING Heroism.
 12805 | Lair:2   | 12805 ||| INVOKING Heroism.
 12812 | Lair:2   | Killed a five-headed hydra
 12813 | Lair:2   | Reached skill level 9 in Invocations
 12926 | Lair:2   | 12926 ||| INVOKING Heroism.
 12959 | Lair:2   | Found a staircase to the Swamp.
 13229 | Lair:2   | Found the +8 whip "Snakebite" {venom, curare, rPois}
 13371 | Lair:3   | 13371 ||| INVOKING Heroism.
 13385 | Lair:3   | 13385 ||| STAIRDANCE
 13571 | Lair:3   | 13571 ||| INVOKING Heroism.
 13572 | Lair:3   | HP: 20/110 [poisoned by a black mamba]
 13573 | Lair:3   | 13573 ||| READING scroll of teleportation.
 13574 | Lair:3   | HP: 7/110 [poisoned by a black mamba]
 13575 | Lair:3   | HP: 2/110 [poisoned by a black mamba]
 13576 | Lair:3   | Succumbed to a black mamba's poison

Levels and vault maps discovered:
D:1:      psy_arrival_terrarium, layout_rooms,
          nicolae_ecumenical_snake_handling, minivault_5
D:2:      layout_basic
D:3:      layout_basic
D:4:      layout_loops_ring, marbit_many_paths, grunt_gozag_breadcrumbs,
          grunt_temple_overflow_open, mainiacjoe_overflow_boulevard,
          serial_shops, nicolae_shop_peninsula
D:5:      layout_loops_cross, nicolae_tso_besieged_by_evil, minivault_25,
          palyth_stone_intersect, saegor_snake_ambush, uniq_ijyb
D:6:      layout_basic, grunt_ministairs_4, uniq_sigmund, uniq_duvessa,
          uniq_edmund
D:7:      layout_loops_ring, minmay_temple_entry_nine_rooms, uniq_menkaure,
          uniq_prince_ribbit1
D:8:      layout_loops_ring, tgw_kikubaaqudgha, special_room
          [special_room_kobold], kennysheep_generic_room_15
D:9:      layout_basic, minmay_misc_feat_rugged
D:10:     gammafunk_sealed_arena, layout_cave_pools, erik_lair_island
Temple:   minmay_temple_bridge_abc
Lair:1:   layout_roguey, beast_lair_carwin_10, infiniplex_staircase_pool
Lair:2:   minmay_guarded_unrand_snakebite, layout_layer_cave,
          palyth_hydra_swamp_entry
Lair:3:   layout_misc_corridors, hellmonk_spider_entry_not_the_bees,
          minivault_19, lemuel_fruit_fields

Skill      XL: |  1  2  3  4  5  6  7  8  9 10 11 12 |
---------------+-------------------------------------+-----
Ranged Weapons | 3 4 5 6 7 8 10 12 14 16 | 16.1
Fighting       | 2 3 4 5 7 8 10 11 | 11.0
Armour         | 1 2 3 4 5 |  5.0
Dodging        | 3 5 6 7 |  7.0
Invocations    | 2 4 7 9 |  9.5
Spellcasting   | |  1.0
Hexes          | |  2.0

Action                     |  1- 3 |  4- 6 |  7- 9 | 10-12 || total
---------------------------+-------+-------+-------+-------++-------
   Fire: Sling             |   117 |    60 |       |       ||   177
         Longbow           |       |    75 |   203 |   378 ||   656
 Invoke: Heroism           |       |       |       |    26 ||    26
    Use: Scroll            |     8 |     3 |     9 |     5 ||    25
         Potion            |       |     3 |     6 |     2 ||    11
 Armour: Robe              |     1 |       |       |       ||     1
         Ring mail         |    12 |    35 |    57 |    87 ||   191
         Skin              |       |       |     1 |       ||     1
  Dodge: Dodged            |    38 |    59 |   115 |   214 ||   426

Table legend:
 A = Non-vault XP
 B = Vault XP
 C = Vault XP percentage of total XP
 D = Non-vault monster count
 E = Vault monster count
 F = Vault count percentage of total count
                 A         B        C        D         E       F
            +---------+---------+-------+---------+---------+-------
      Total |   20420 |   10103 |  33.1 |     252 |      83 |  24.8
            +---------+---------+-------+---------+---------+-------
        D:1 |      40 |       5 |  11.1 |      18 |       3 |  14.3
        D:2 |      43 |       0 |   0.0 |      19 |       0 |   0.0
        D:3 |      53 |       0 |   0.0 |      19 |       0 |   0.0
        D:4 |     230 |      45 |  16.4 |      21 |       1 |   4.5
        D:5 |    1092 |      83 |   7.1 |      33 |      10 |  23.3
        D:6 |     445 |     709 |  61.4 |       8 |       9 |  52.9
        D:7 |    1031 |     424 |  29.1 |      25 |       2 |   7.4
        D:8 |    1994 |    1792 |  47.3 |      37 |      21 |  36.2
        D:9 |    1917 |       0 |   0.0 |      13 |       0 |   0.0
       D:10 |    1779 |     953 |  34.9 |      17 |       8 |  32.0
     Lair:1 |    5450 |    1626 |  23.0 |      23 |      11 |  32.4
     Lair:2 |    5030 |    4466 |  47.0 |      13 |      18 |  58.1
     Lair:3 |    1316 |       0 |   0.0 |       6 |       0 |   0.0
            +---------+---------+-------+---------+---------+-------
